 Dungeon Crawl Stone Soup version 0.30-a0-571-gdf30a72648 (webtiles) character file.

Game seed: 3520227165300438828

10 Newt the Ducker (level 2, -2/22 HPs)
             Began as a Demonspawn Gladiator on Dec 29, 2022.
             Slain by a kobold
             ... wielding a +2 short sword of electrocution
              (17 damage)
             ... on level 1 of the Dungeon.
             The game lasted 00:00:20 (139 turns).

Newt the Ducker (Demonspawn Gladiator)               Turns: 139, Time: 00:00:21

Health: -2/22      AC:  3    Str: 14    XL:     2   Next: 10%
Magic:  2/2        EV: 12    Int:  9    God:
Gold:   0          SH:  0    Dex: 14    Spells: 1/1 levels left

rFire   . . .      SeeInvis .    a - +0 rapier
rCold   . . .      Faith    .    (no shield)
rNeg    . . .      Spirit   .    b - +0 leather armour
rPois   .          Reflect  .    (helmet restricted)
rElec   .          Harm     .    (no cloak)
rCorr   .          Rampage  .    (no gloves)
Will    .....                    (no boots)
Stlth   ++                       (no amulet)
HPRegen 0.23/turn                (no ring)
MPRegen 0.08/turn                (no ring)

@: no status effects
A: antennae 1
a: no special abilities


You were on level 1 of the Dungeon.
You visited 1 branch of the dungeon, and saw 1 of its levels.

Inventory:

Hand Weapons
 a - a +0 rapier (weapon)
Missiles
 d - 3 throwing nets (quivered)
 e - a javelin
 f - 5 poisoned darts
Armour
 b - a +0 leather armour (worn)
 c - a +0 helmet
Potions
 g - a potion of curing {unknown}


   Skills:
 - Level 2.0 Fighting
 - Level 2.6 Short Blades
 - Level 1.7 Throwing
 - Level 2.6 Dodging
 + Level 1.8 Stealth


You had one spell level left.
You didn't know any spells.
Your spell library was empty.

Dungeon Overview and Level Annotations

Branches:
Dungeon (1/15)

Altars:


Innate Abilities, Weirdness & Mutations

You have a pair of small antennae on your head.


Message History

You hit the ball python.
You kill the ball python!
You puncture the rat!
You kill the rat!
No target in view!
No target in view!
No target in view!
No target in view!
No target in view!
You see here a ball python corpse.
You see here a ball python corpse.
g - a sapphire potion A goblin comes into view.
It is wielding a +0 club.
The goblin shouts!
You hear a shout!
The goblin moves out of view.
No target in view!
No target in view!
A goblin and a kobold come into view.
The kobold is wielding a +2 short sword of electrocution.
Found an escape hatch in the floor.
There are monsters nearby!
There are monsters nearby!
There are monsters nearby!
A kobold comes into view. It is wielding a +0 club.
The kobold moves out of view.
A goblin comes into view. It is wielding a +0 dagger.
The kobold closely misses you.
You hit the kobold.
The kobold is moderately wounded.
The kobold hits you with a +2 short sword of electrocution.
You closely miss the kobold.
The kobold hits you with a +2 short sword of electrocution.
The goblin misses you. The goblin hits you but does no damage.
The kobold shouts!
The kobold attacks as you move away!
The kobold hits you with a +2 short sword of electrocution.
You are electrocuted!
Ouch! That really hurt!
You die...

#.#.#..##...
#####..$.......
#..........##...
### #g..K........
#......##.#..###..
.... #g....... #.#
#...####.. #.#
#Kg.#
###.#######@..#
#.............#
#.#.###.......#
#.#.###.####.##
#.####.#...#.# .#
#.....†.....# .#
#.####.###.### .#
.......# #.# .#
..######
#.######.#


You could see 2 goblins and 2 kobolds.

Vanquished Creatures
  A ball python (D:1)
  A bat (D:1)
  An endoplasm (D:1)
  A goblin (D:1)
  A hobgoblin (D:1)
  A kobold (D:1)
  A frilled lizard (D:1)
  2 rats (D:1)
9 creatures vanquished.

Notes
Turn   | Place    | Note
-------+----------+-------------------------------------------
     0 | D:1      | Newt the Demonspawn Gladiator began the quest for the Orb.
     0 | D:1      | Reached XP level 1. HP: 16/16 MP: 1/1
    24 | D:1      | Reached skill level 1 in Stealth
    55 | D:1      | Gained mutation: You have a pair of small antennae on your
                  | head. [demonic ancestry]
    55 | D:1      | Reached XP level 2. HP: 15/22 MP: 2/2
   139 | D:1      | Slain by a kobold

Illustrated notes

Levels and vault maps discovered:
D:1:      lightli_arrival_maybe_door_vault, layout_loops_ring

Skill      XL: |  1 |
---------------+----+-----
Stealth        | 1 |  1.8
Fighting       | |  2.0
Short Blades   | |  2.6
Throwing       | |  1.7
Dodging        | |  2.6

Action                   || total
-------------------------++-------
Melee: Rapier            ||    29
       Punch             ||     1
Armor: Leather armour    ||    17
Dodge: Dodged            ||    24

Table legend: (Time is in decaauts)
 A = Elapsed time spent in this place.
 B = Non-inter-level travel time spent in this place.
 C = Inter-level travel time spent in this place.
 D = Time resting spent in this place.
 E = Time spent auto-exploring this place.
 F = Levels seen in this place.
 G = Mean time per level.
                   A        B        C        D        E       F      G
               +--------+--------+--------+--------+--------+-----+--------+
         Total |    140 |    134 |      6 |      0 |     75 |   1 |  140.0 |
       Dungeon |    140 |    134 |      6 |      0 |     75 |   1 |  140.0 |
               +--------+--------+--------+--------+--------+-----+--------+

Top non-repeatable levels by time:
     D:1: 140 daAuts
